cohdb
Replays
Latest Replays
All Replays
Popular Replays
Top Player Replays
Match Explorer
How It Works
Community
CoH3 Stats
Reddit
Sign in to upload your games and track your stats! →
Sign in with Steam
Match 43431680
Unlisted
Match 43431680
Overview
Messages
Build Orders
End
Construct Infanterie Kompanie
Kettenkrad Recon Vehicle
MG 42 Machine Gun Team
Selects Terror Battlegroup
Grenadier Squad
GrW 34 Mortar Team
Construct Panzergrenadier Kompanie
Panzergrenadier Squad
251 Medium Carrier
Medical Bunker
Pioneer Squad
Construct Panzer Kompanie
Stoßtruppen Squad
Panzer IV Medium Tank
Stoßtruppen Squad
Selects Heavy Gunnery
Selects Defend the Fatherland
M4RS
rlgh314
sheep
MEZO
天安门广场 小熊维尼 总统
天安门广场 小熊维尼 总统
操凱雷姆,你這個脾氣暴躁的團夥。
蟑螂恶霸
0
0
Comments
sign in to comment!
No comments posted yet!